 Dungeon Crawl Stone Soup version 0.22.1-7-g5c428e77e6 (webtiles) character file.

267762 ZapfeN the Executioner (level 19, -10/277 HPs)
             Began as a Minotaur Berserker on Jan 5, 2019.
             Was a High Priest of Trog.
             Mangled by a vault warden
             ... wielding a +1 battleaxe of freezing
              (21 damage)
             ... on level 2 of the Vaults on Feb 13, 2019.
             The game lasted 05:02:33 (42057 turns).

ZapfeN the Executioner (Minotaur Berserker)        Turns: 42057, Time: 05:02:34

Health: -10/277    AC: 23    Str: 29    XL:     19   Next: 74%
Magic:  18/18      EV: 17    Int:  4    God:    Trog [*****.]
Gold:   2642       SH:  0    Dex: 19    Spells: 18/18 levels left

rFire    + . .     SeeInvis .   E - +6 executioner's axe (freeze)
rCold    + . .     Gourm    .   (shield currently unavailable)
rNeg     . . .     Faith    .   v - +2 plate armour {rPois}
rPois    +         Spirit   .   K - +2 hat
rElec    .         Reflect  .   Z - scarf {rC+ rF+}
rCorr    .         Harm     .   U - +0 pair of gloves
MR       +++++                  (no boots)
Stlth    ..........             N - amulet of regeneration
HPRegen  1.96/turn              j - ring "Effioto" {MR+ Dex+3}
MPRegen  0.16/turn              P - ring of protection from magic

@: berserking, regenerating, very quick
A: retaliatory headbutt, horns 2
}: 1/15 runes: gossamer
a: Berserk, Trog's Hand, Brothers in Arms, Renounce Religion


You were on level 2 of the Vaults.
You worshipped Trog.
Trog was extremely pleased with you.
You were not hungry.

You visited 7 branches of the dungeon, and saw 31 of its levels.

You collected 3277 gold pieces.
You spent 635 gold pieces at shops.

Inventory:

Hand Weapons
 a - a +6 executioner's axe of electrocution
 b - a +6 antimagic executioner's axe
 i - a +4 broad axe of draining
 E - a +6 executioner's axe of freezing (weapon)
 O - a +5 broad axe of chopping
 X - a +4 eveningstar
Armour
 f - a +2 plate armour of magic resistance
 p - the +2 cloak "Ipiapt" {Str+4}
   (You bought it in a shop on level 2 of the Orcish Mines)

   It affects your strength (+4).
 r - a +3 chain mail of fire resistance
 v - a +2 plate armour of poison resistance (worn)
 K - a +2 hat (worn)
 S - a +0 large shield
 U - a +0 pair of gloves (worn)
 W - the +2 ring mail of the Bulwark {rF+ Int+3}
   (You found it on level 5 of the Lair of Beasts)

   It affects your intelligence (+3).
   It protects you from fire.
 Z - a scarf of resistance (worn)
Jewellery
 j - the ring "Effioto" (left hand) {MR+ Dex+3}
   (You took it off a yaktaur captain on level 15 of the Dungeon)

   [ring of protection from magic]

   It affects your dexterity (+3).
   It affects your resistance to hostile enchantments.
 k - an uncursed ring of see invisible
 q - a +3 ring of evasion
 t - a +3 ring of protection
 w - an uncursed ring of flight
 F - an uncursed ring of resist corrosion
 J - an uncursed ring of protection from cold
 M - a +4 ring of dexterity
 N - an amulet of regeneration (around neck)
 P - a ring of protection from magic (right hand)
 Y - the cursed ring of the Omega Point {rF+ rC+ AC-2}
   (You found it on level 1 of the Spider Nest)

   [ring of protection]

   It affects your AC (-2).
   It protects you from fire.
   It protects you from cold.
   It has a curse placed upon it.
Wands
 x - a wand of acid (5)
 B - a wand of digging (20)
 D - a wand of clouds (11)
 G - a wand of iceblast (19)
 L - a wand of enslavement (32)
 R - a wand of disintegration (4)
Scrolls
 d - 7 scrolls of fear
 g - 2 scrolls of enchant armour
 h - 2 scrolls of silence
 l - 9 scrolls of magic mapping
 y - 24 scrolls of teleportation
 z - 10 scrolls of remove curse
 A - 2 scrolls of summoning
 Q - a scroll of identify
 V - 8 scrolls of blinking
Potions
 e - 15 potions of curing
 m - 3 potions of might
 n - a potion of invisibility
 o - 2 potions of resistance
 s - 3 potions of agility
 u - 2 potions of haste
 C - 4 potions of heal wounds
 H - 4 potions of cancellation
 I - 7 potions of ambrosia
 T - 2 potions of flight
Comestibles
 c - 34 rations


   Skills:
 + Level 20.2 Fighting
 + Level 24.9 Axes
 + Level 16.5 Armour
 - Level 12.5 Dodging
 - Level 10.2 Shields


You had 18 spell levels left.
You didn't know any spells.
Your spell library was empty.

Dungeon Overview and Level Annotations

Branches:
Dungeon (15/15)            Temple (0/1) D:4            Lair (6/6) D:8
 Shoals (0/4) Lair:3       Spider (4/4) Lair:2        Slime (1/5) Lair:5
    Orc (2/2) D:12            Elf (0/3) Orc:2        Vaults (2/5) D:14
  Crypt (0/3) Vaults:2     Depths (1/5) D:15

Altars:
Ashenzari
Dithmenos
Elyvilon
Fedhas
Gozag
Nemelex Xobeh
Sif Muna
Trog
Vehumet
Wu Jian
Xom
Yredelemnul
Zin
The Shining One
Beogh

Shops:
D:5 !   D:6 ?   D:10 (   D:12 }   Orc:2 ??[:   Vaults:1 *   Vaults:2 ((

Annotations:
D:5 3 runed doors, Toogi's ghost, novice DgTm
D:9 exclusion: 2 oklob plants
Lair:3 exclusion: 2 oklob plants


Innate Abilities, Weirdness & Mutations

You reflexively headbutt those who attack you in melee.
You have a pair of horns on your head.


Message History

You hear a shout! x2
A red film seems to cover your vision as you go berserk!
You feel yourself moving faster!
You feel mighty!
You feel a lot more hungry.
The runic seal fades away.
The centaur hits you but does no damage.
The meliai closely misses you. You furiously retaliate!
You headbutt the meliai! The meliai barely misses you.
The caustic shrike claws you.
* * * LOW HITPOINT WARNING * * *
You are splashed with acid!
The acid burns!
* * * LOW HITPOINT WARNING * * *
The ironbrand convoker points at the caustic shrike and mumbles some strange The caustic shrike seems to grow stronger.
Your troll barely misses the meliai. x2; Your troll claws the meliai!
The meliai dies!
Trog accepts your kill.
The meliai's shape twists and changes as it dies.
The centaur barely misses you.
The vault warden hits you with a battleaxe of freezing!!
You die...

# #(#......#...#...#..$.$. #
#.#......#...#..∩#$.pp..
#.#.#......#...#...#..$.$..
..#.####'###...#...## ....
###.#..........#...8# ...#
....#..........#....# 'C'##
#####..........#.T..# p..8#
§..............#[c..##...#
§.§............+@8p..#'C'#...
...............#pbpT)()......
§§.............###########''#
§§.............#
§..............#
§.§##########..#
§§.#.)......#..#
.§§#.......(#[.# §.
#...(...)'()#


You could see a caustic shrike shaped shifter, a vault warden, a deep troll, a
vault sentinel, an ironbrand convoker, a centaur and a friendly troll (berserk).

Vanquished Creatures
  Frederick (Vaults:2)
  A bone dragon (Vaults:2)
  Arachne (Spider:3)
  An acid blob (Slime:1)
  2 tengu reavers (Vaults:2)
  A storm dragon (D:15)
  A frost giant (D:15)
  3 ghost moths
  7 emperor scorpions
  7 vault wardens
  2 orc warlords (Orc:2)
  Louise (D:15)
  A war gargoyle (D:15)
  6 ironheart preservers
  2 entropy weavers
  A deep elf demonologist (Vaults:2)
  Snorg (Lair:6)
  2 spark wasps
  An ettin (Depths:1)
  A deep elf high priest (D:15)
  5 yaktaur captains
  3 fire dragons
  A great orb of eyes (D:15)
  A rakshasa (Vaults:1)
  4 vault guards
  An ice dragon (Vaults:1)
  A death knight (Vaults:1)
  Harold (D:7)
  5 hydras
  3 catoblepae
  10 centaur warriors
  18 two-headed ogres
  7 death yaks
  6 ogre magi
  A two-headed ogre (shapeshifter) (Vaults:1)
  A tengu warrior (D:14)
  5 orc high priests (Orc:2)
  Urug (Lair:5)
  5 skeletal warriors
  A deep elf knight (Vaults:1)
  An unseen horror (Vaults:1)
  4 deep elf archers
  2 glowing orange brains (Vaults:1)
  3 wizards
  2 flayed ghosts (Vaults:1)
  10 orc knights
  18 wolf spiders
  6 ironbrand convokers
  A lindwurm (Lair:6)
  13 orb spiders
  A wolf spider zombie (D:14)
  38 ugly things
  7 manticores
  9 deep elf magi
  4 orc sorcerers (Orc:2)
  A merfolk siren (Lair:3)
  A salamander (shapeshifter) (D:14)
  6 cyclopes
  2 guardian serpents
  11 elephants
  12 black mambas
  5 vault sentinels (Vaults:1)
  5 torpor snails
  20 spiny frogs
  6 gargoyles
  2 centaur skeletons (D:15)
  7 rime drakes
  4 komodo dragons
  15 demonic crawlers
  4 kobold demonologists
  31 yaktaurs
  4 freezing wraiths
  An efreet (D:14)
  10 trolls
  22 jumping spiders
  2 merfolk (Lair:3)
  A polar bear (Lair:2)
  A polar bear (shapeshifter) (D:15)
  2 tengu conjurers
  3 jumping spiders (shapeshifter)
  2 saltlings (Vaults:1)
  A wolf spider simulacrum (D:13)
  2 wind drakes (shapeshifter)
  12 blink frogs
  A harpy skeleton (D:15)
  15 hornets
  30 slime creatures
  A blink frog (shapeshifter) (D:15)
  8 dream sheep
  10 hippogriffs
  2 centaur simulacra
  2 wraiths
  Sigmund (D:5)
  2 water elementals (D:14)
  35 yaks
  A tarantella (shapeshifter) (Vaults:1)
  24 tarantellas
  Eustachio (D:5)
  70 redbacks
  5 shadows (D:15)
  A human (D:7)
  A steam dragon (D:4)
  4 hogs (D:7)
  A hog (shapeshifter) (Vaults:1)
  2 basilisks (shapeshifter)
  3 basilisks
  8 wyverns
  A vampire mosquito (D:15)
  5 hungry ghosts
  Edmund (D:5)
  A warg (D:12)
  Menkaure (D:4)
  26 water moccasins
  5 acid dragons
  10 porcupines
  3 ice beasts
  2 black bears
  A hornet zombie (D:15)
  50 orc warriors
  9 sky beasts
  2 eyes of draining (D:12)
  3 phantoms
  3 boggarts
  29 ogres
  9 wolves
  11 centaurs
  6 big kobolds
  15 crocodiles
  13 bullfrogs
  A deep troll simulacrum (Vaults:2)
  A wyvern zombie (D:14)
  2 water moccasin zombies
  2 wyvern skeletons (D:14)
  15 killer bees
  4 scorpions
  9 wights
  4 electric eels
  4 howler monkeys
  13 crimson imps
  3 centaur zombies
  A bullfrog zombie (D:6)
  9 jellies (Lair:5)
  A quasit (D:11)
  3 bullfrog skeletons
  34 orc priests
  10 hounds
  Terence (D:3)
  A gnoll shaman (D:5)
  An iguana (D:9)
  22 orc wizards
  2 hell rats (Lair:2)
  7 worker ants
  A hound zombie (D:9)
  4 hound skeletons
  A worker ant zombie (D:6)
  Robin (D:2)
  10 adders
  14 gnolls
  7 river rats (Lair:2)
  6 shadow imps
  An ooze (D:1)
  An adder zombie (D:8)
  5 worms
  6 leopard geckos
  129 orcs
  A ball python (D:6)
  7 bats
  17 giant cockroaches
  15 goblins
  13 hobgoblins
  8 jackals
  3 quokkas
  4 frilled lizards
  2 jackal skeletons
  13 kobolds
  9 rats
  2 butterflies (Lair:5)
  6 fungi
  3 plants (Lair:6)
1310 creatures vanquished.

Vanquished Creatures (collateral kills)
  Gastronok (D:10)
  A sphinx (Vaults:2)
  A frost giant (D:15)
  A two-headed ogre (Vaults:1)
  Sonja (Orc:1)
  An orc knight (Orc:2)
  A yaktaur (Vaults:1)
  An efreet (D:15)
  A kobold demonologist (D:14)
  A meliai (shapeshifter) (Vaults:2)
  A hornet (D:15)
  An orc warrior (Orc:2)
  A boggart (Vaults:1)
  A crimson imp (D:15)
  6 jellies (Lair:5)
  An orc wizard (Orc:1)
  A gnoll shaman (Orc:2)
22 creatures vanquished.

Vanquished Creatures (others)
  A hornet (Spider:4)
  2 jumping spiders (Spider:4)
  A redback (Spider:4)
  An orc wizard (Orc:1)
  An adder (D:4)
  An orc (Orc:1)
  A bush (D:4)
  11 fungi
  11 plants
30 creatures vanquished.

Grand Total: 1362 creatures vanquished

Notes
Turn   | Place    | Note
-------+----------+-------------------------------------------
     0 | D:1      | ZapfeN the Minotaur Berserker began the quest for the Orb.
     0 | D:1      | Reached XP level 1. HP: 19/19 MP: 0/0
   319 | D:1      | Reached skill level 4 in Axes
   319 | D:1      | Reached XP level 2. HP: 27/27 MP: 1/1
  1058 | D:1      | Reached XP level 3. HP: 33/33 MP: 2/2
  1353 | D:1      | Reached ** piety under Trog
  1614 | D:2      | Noticed Robin
  1903 | D:2      | Killed Robin
  1941 | D:2      | Reached XP level 4. HP: 40/40 MP: 3/3
  1974 | D:2      | Reached skill level 5 in Axes
  2598 | D:3      | Noticed Terence
  2610 | D:3      | Killed Terence
  2610 | D:3      | Reached XP level 5. HP: 47/47 MP: 4/4
  2779 | D:3      | Reached *** piety under Trog
  2783 | D:3      | Reached skill level 6 in Axes
  2841 | D:3      | Found a shadowy altar of Dithmenos.
  3383 | D:4      | Noticed a phantom
  3392 | D:3      | Reached skill level 5 in Fighting
  3441 | D:4      | Reached XP level 6. HP: 52/56 MP: 5/5
  3773 | D:4      | Reached skill level 7 in Axes
  3814 | D:4      | Found a radiant altar of Vehumet.
  3992 | D:4      | Noticed Menkaure
  3998 | D:4      | Killed Menkaure
  3998 | D:4      | Reached skill level 5 in Armour
  3998 | D:4      | Reached XP level 7. HP: 62/62 MP: 6/6
  3999 | D:4      | Found a large runed door.
  3999 | D:4      | Found a large runed door.
  4060 | D:4      | Reached skill level 8 in Axes
  4103 | D:4      | Found a large runed door.
  4103 | D:4      | Found a large runed door.
  4373 | D:4      | Found a staircase to the Ecumenical Temple.
  4478 | D:4      | Found a glowing golden altar of the Shining One.
  4636 | D:4      | Reached XP level 8. HP: 71/71 MP: 7/7
  4751 | D:4      | Reached skill level 9 in Axes
  4867 | D:5      | Entered Level 5 of the Dungeon
  4947 | D:4      | Reached **** piety under Trog
  5007 | D:5      | Found a runed gate.
  5007 | D:5      | Found a runed gate.
  5007 | D:5      | Found a runed gate.
  5193 | D:5      | Noticed Edmund
  5208 | D:5      | Killed Edmund
  5208 | D:5      | Reached skill level 10 in Axes
  5264 | D:5      | Noticed Sigmund
  5273 | D:5      | Killed Sigmund
  5427 | D:5      | Noticed Toogi's ghost (novice DgTm)
  5468 | D:5      | Reached XP level 9. HP: 81/81 MP: 8/8
  5515 | D:5      | Noticed Eustachio
  5575 | D:5      | Killed Eustachio
  5676 | D:5      | Found Xuylesos's Distillery.
  5684 | D:5      | Bought a potion of heal wounds for 60 gold pieces
  5684 | D:5      | Bought a potion of heal wounds for 60 gold pieces
  6108 | D:6      | Reached skill level 11 in Axes
  6122 | D:6      | Found Wuomup Mung's Magic Scroll Emporium.
  6178 | D:5      | Found a blossoming altar of Fedhas.
  6178 | D:5      | Found an ornate altar of the Wu Jian Council.
  6178 | D:5      | Found a glowing silver altar of Zin.
  6178 | D:5      | Found a bloodstained altar of Trog.
  6367 | D:6      | Reached ***** piety under Trog
  6895 | D:7      | Noticed Harold
  6905 | D:7      | Killed Harold
  6905 | D:7      | Reached skill level 12 in Axes
  7114 | D:7      | Reached XP level 10. HP: 91/91 MP: 9/9
  7226 | D:7      | You fall through a shaft for 3 floors!
  7226 | D:10     | Entered Level 10 of the Dungeon
  7400 | D:10     | Reached skill level 13 in Axes
  7557 | D:10     | Noticed a gargoyle
  7572 | D:10     | Killed a gargoyle
  7572 | D:10     | Reached skill level 10 in Fighting
  7673 | D:10     | Found Qovapp's Antique Weapon Shoppe.
  7924 | D:9      | Reached skill level 10 in Armour
  8504 | D:7      | Found a shadowy altar of Dithmenos.
  9313 | D:8      | Reached skill level 14 in Axes
  9514 | D:8      | Found a staircase to the Lair.
 10173 | D:9      | Found a burning altar of Makhleb.
 10189 | D:9      | Reached XP level 11. HP: 78/101 MP: 10/10
 10192 | D:9      | Found a glowing golden altar of the Shining One.
 10192 | D:9      | Found a hazy altar of Hepliaklqana.
 10296 | D:9      | Found a shimmering altar of Xom.
 10296 | D:9      | Found an ornate altar of the Wu Jian Council.
 10296 | D:9      | Found a shimmering altar of Xom.
 10919 | D:9      | Found a blossoming altar of Fedhas.
 10921 | D:9      | Noticed an oklob plant
 10921 | D:9      | Noticed an oklob plant
 11061 | D:9      | Found a sparkling altar of Nemelex Xobeh.
 11061 | D:9      | Found a faded altar of an unknown god.
 11072 | D:9      | Found a deep blue altar of Sif Muna.
 11077 | D:9      | Found a shattered altar of Ashenzari.
 11078 | D:9      | Found a faded altar of an unknown god.
 11210 | D:10     | Noticed Gastronok
 11217 | D:10     | Killed Gastronok
 11506 | D:10     | Received a gift from Trog
 12602 | Lair:1   | Entered Level 1 of the Lair of Beasts
 12881 | Lair:1   | Reached skill level 15 in Axes
 14118 | Lair:2   | Noticed a five-headed hydra
 14125 | Lair:2   | Killed a five-headed hydra
 14453 | Lair:2   | Found a hole to the Spider Nest.
 14988 | Lair:2   | Noticed a catoblepas
 15008 | Lair:2   | Killed a catoblepas
 15008 | Lair:2   | Reached skill level 16 in Axes
 15008 | Lair:2   | Reached XP level 12. HP: 112/112 MP: 11/11
 15023 | Lair:2   | Reached skill level 5 in Dodging
 15509 | Lair:2   | Got a jade-encrusted leather armour
 15523 | Lair:2   | Identified the +3 leather armour of Okawaru's Whim {*Drain
                  | rPois Dex+3} (You found it on level 2 of the Lair of
                  | Beasts)
 17175 | Lair:3   | Found a staircase to the Shoals.
 17658 | Lair:4   | Received a gift from Trog
 17664 | Lair:4   | Reached skill level 17 in Axes
 17801 | Lair:4   | Noticed a death yak
 17812 | Lair:4   | Noticed a death yak
 17829 | Lair:4   | Killed a death yak
 17833 | Lair:4   | Killed a death yak
 17882 | Lair:4   | Identified a scroll of acquirement
 18250 | Lair:4   | Reached XP level 13. HP: 113/122 MP: 12/12
 18909 | Lair:5   | Reached skill level 18 in Axes
 19184 | Lair:5   | Got a pitted ring mail
 19196 | Lair:5   | Identified the +2 ring mail of the Bulwark {rF+ Int+3} (You
                  | found it on level 5 of the Lair of Beasts)
 19246 | Lair:5   | Found a staircase to the Slime Pits.
 19467 | Lair:5   | Noticed Urug
 19481 | Lair:5   | Killed Urug
 20053 | Lair:6   | Entered Level 6 of the Lair of Beasts
 20073 | Lair:6   | Noticed Snorg
 20091 | Lair:6   | Killed Snorg
 20302 | Lair:6   | Received a gift from Trog
 20464 | Lair:6   | Reached skill level 19 in Axes
 20994 | Lair:6   | Reached XP level 14. HP: 108/133 MP: 13/13
 21331 | Lair:6   | Reached skill level 10 in Dodging
 21671 | Lair:6   | Reached ****** piety under Trog
 21687 | Lair:6   | Reached skill level 15 in Fighting
 21994 | Lair:6   | Received a gift from Trog
 22632 | D:11     | Reached skill level 20 in Axes
 23472 | D:12     | Found Sakkiacs's Gadget Shop.
 23597 | D:12     | Found a staircase to the Orcish Mines.
 24357 | Orc:1    | Entered Level 1 of the Orcish Mines
 24396 | Orc:1    | Noticed Sonja
 24411 | D:12     | Received a gift from Trog
 24436 | Orc:1    | Killed Sonja
 24759 | Orc:2    | Entered Level 2 of the Orcish Mines
 24806 | Orc:2    | Reached skill level 1 in Shields
 24996 | Orc:2    | Found a roughly hewn altar of Beogh.
 25374 | Orc:2    | Found Umerhyer's Book Boutique.
 25393 | Orc:2    | Found Muhozis's Armour Shop.
 25393 | Orc:2    | Noticed an orc warlord
 25405 | Orc:2    | Killed an orc warlord
 25622 | Orc:2    | Bought the +2 cloak "Ipiapt" {Str+4} for 328 gold pieces
 25898 | Orc:2    | Found a staircase to the Elven Halls.
 26186 | Orc:2    | Reached XP level 15. HP: 140/143 MP: 14/14
 26209 | Orc:2    | Noticed an orc warlord
 26254 | Orc:2    | Found a roughly hewn altar of Beogh.
 26279 | Orc:2    | Killed an orc warlord
 26511 | Orc:2    | Found Wyseneamya's Magic Scroll Shoppe.
 26527 | Orc:2    | Reached skill level 21 in Axes
 26538 | Orc:2    | Bought a scroll of identify for 30 gold pieces
 26538 | Orc:2    | Bought a scroll of identify for 30 gold pieces
 26538 | Orc:2    | Bought a scroll of identify for 30 gold pieces
 26618 | Orc:2    | Found Qushy's Magic Scroll Boutique.
 26637 | Orc:2    | Bought a scroll of blinking for 97 gold pieces
 26720 | Orc:2    | Received a gift from Trog
 27822 | D:13     | Reached skill level 5 in Shields
 28281 | D:14     | Received a gift from Trog
 28790 | D:14     | Found a gate to the Vaults.
 29466 | D:15     | Entered Level 15 of the Dungeon
 29680 | D:15     | Received a gift from Trog
 29785 | D:15     | Found a shimmering altar of Xom.
 29785 | D:15     | Found a white marble altar of Elyvilon.
 29786 | D:15     | Found a basalt altar of Yredelemnul.
 29866 | D:15     | Reached skill level 22 in Axes
 29919 | D:15     | Noticed a frost giant
 29926 | D:15     | Killed a frost giant
 30038 | D:15     | Reached XP level 16. HP: 100/154 MP: 5/15
 30883 | D:15     | Received a gift from Trog
 30898 | D:15     | Noticed a storm dragon
 30913 | D:15     | Killed a storm dragon
 31288 | D:15     | Reached XP level 17. HP: 161/161 MP: 16/16
 31336 | D:15     | Got a glittering marble ring
 31338 | D:15     | Identified the ring "Effioto" {MR+ Dex+3} (You took it off
                  | a yaktaur captain on level 15 of the Dungeon)
 31484 | D:15     | Noticed Louise
 31507 | D:15     | Killed Louise
 31591 | D:15     | Upgraded the game from 0.22.1-2-g9c5b331383 to
                  | 0.22.1-5-g62c59d919a
 31597 | D:15     | Found a staircase to the Depths.
 31969 | Depths:1 | Entered Level 1 of the Depths
 32079 | Depths:1 | Noticed a lich
 32441 | Spider:1 | Entered Level 1 of the Spider Nest
 32494 | Spider:1 | Reached skill level 23 in Axes
 32596 | Spider:1 | Got a fine marble ring
 32720 | Spider:1 | Identified the cursed ring of the Omega Point {rF+ rC+
                  | AC-2} (You found it on level 1 of the Spider Nest)
 33000 | Spider:1 | Received a gift from Trog
 33631 | Spider:2 | Found a frozen archway.
 34168 | Spider:3 | Noticed Arachne
 34185 | Spider:3 | Killed Arachne
 35141 | Spider:4 | Entered Level 4 of the Spider Nest
 35336 | Spider:4 | Reached XP level 18. HP: 172/172 MP: 17/17
 35388 | Spider:4 | Received a gift from Trog
 36139 | Spider:4 | Paralysed by a hornet for 1 turns
 36292 | Spider:4 | Received a gift from Trog
 36803 | Spider:4 | Got a gossamer rune of Zot
 36981 | Slime:1  | Entered Level 1 of the Pits of Slime
 37502 | Vaults:1 | Entered Level 1 of the Vaults
 37841 | D:14     | Upgraded the game from 0.22.1-5-g62c59d919a to
                  | 0.22.1-6-g1668fe2c40
 38211 | Vaults:1 | Found Reudaxto's Assorted Antiques.
 38300 | Vaults:1 | Reached skill level 10 in Shields
 38413 | Vaults:1 | Reached skill level 24 in Axes
 38859 | Vaults:1 | Received a gift from Trog
 39022 | Vaults:1 | Reached skill level 15 in Armour
 39047 | Vaults:1 | Reached XP level 19. HP: 120/183 MP: 18/18
 39692 | Vaults:1 | Upgraded the game from 0.22.1-6-g1668fe2c40 to
                  | 0.22.1-7-g5c428e77e6
 39839 | Vaults:2 | Noticed Frederick
 39859 | Vaults:2 | Killed Frederick
 41010 | Vaults:2 | Received a gift from Trog
 41159 | Vaults:2 | Noticed a bone dragon
 41185 | Vaults:2 | Killed a bone dragon
 41196 | Vaults:2 | Found a staircase to the Crypt.
 41413 | Vaults:2 | Found Gozag's Antique Weapon Emporium.
 41928 | Vaults:2 | Received a gift from Trog
 42021 | Vaults:2 | Found an opulent altar of Gozag.
 42021 | Vaults:2 | Found Gozag's Antique Weapon Emporium.
 42027 | Vaults:2 | Noticed an iron giant
 42027 | Vaults:2 | an acid blob changed into an iron giant
 42044 | Vaults:2 | Noticed a caustic shrike
 42054 | Vaults:2 | a caustic shrike changed into an iron dragon
 42056 | Vaults:2 | Noticed a caustic shrike
 42056 | Vaults:2 | an iron dragon changed into a caustic shrike
 42057 | Vaults:2 | HP: 11/277 [acid (9)]
 42057 | Vaults:2 | Mangled by a vault warden

Skill      XL: |  1  2  3  4  5  6  7  8  9 10 11 12 13 14 15 16 17 18 19 |
---------------+----------------------------------------------------------+-----
Axes           | 4 5 6 7 8 10 12 14 16 17 19 20 22 23 24 | 24.9
Fighting       | 4 5 6 7 9 10 12 13 14 15 16 17 18 19 20 | 20.2
Armour         | 3 4 5 6 7 9 10 11 12 13 15 16 | 16.5
Dodging        | 4 7 9 10 11 12 | 12.5
Shields        | 3 7 10 | 10.2

Action                   |  1- 3 |  4- 6 |  7- 9 | 10-12 | 13-15 | 16-18 | 19-21 || total
-------------------------+-------+-------+-------+-------+-------+-------+-------++-------
Melee: Hand axe          |    99 |   143 |    36 |       |       |       |       ||   278
       Headbutt          |    14 |    25 |    56 |   154 |   275 |   307 |   123 ||   954
       War axe           |       |       |   185 |   608 |     5 |       |       ||   798
       Flail             |       |       |       |     4 |       |       |       ||     4
       Broad axe         |       |       |       |    70 |  1011 |  1004 |   233 ||  2318
       Eveningstar       |       |       |       |       |    20 |     3 |       ||    23
       Executioner's axe |       |       |       |       |   127 |    24 |   125 ||   276
Throw: Throwing net      |       |       |       |     3 |     1 |       |       ||     4
Invok: Berserk           |       |     2 |     7 |     7 |     3 |     5 |     3 ||    27
       Trog's Hand       |       |     2 |     2 |     2 |     5 |     8 |     5 ||    24
       Brothers in Arms  |       |       |       |     1 |     5 |     3 |     3 ||    12
  Use: Scroll            |       |    11 |     5 |     9 |    14 |     8 |       ||    47
       Potion            |       |       |       |     1 |       |     2 |     2 ||     5
 Stab: Distracted        |       |       |     1 |       |       |       |     1 ||     2
       Petrified         |       |       |       |     1 |       |       |       ||     1
       Held in net/web   |       |       |       |     1 |       |       |       ||     1
       Petrifying        |       |       |       |       |     1 |       |       ||     1
  Eat: Chunk             |     3 |     7 |    15 |    36 |    31 |     8 |     6 ||   106
       Ration            |       |       |     1 |     3 |     5 |     9 |     3 ||    21
Armor: Animal skin       |    19 |       |       |       |       |       |       ||    19
       Plate armour      |    27 |    82 |    10 |       |    71 |   424 |   109 ||   723
       Chain mail        |       |       |    82 |   273 |   257 |       |       ||   612
       Ring mail         |       |       |       |       |     4 |       |       ||     4
Dodge: Dodged            |    57 |    45 |   121 |   258 |   518 |   458 |   129 ||  1586
Block: Shield            |       |       |       |   169 |   314 |       |       ||   483
       Large shield      |       |       |       |       |   168 |   916 |   132 ||  1216
